 Dungeon Crawl Stone Soup version 0.30-a0-937-ga0a21ad780 (webtiles) character file.

Game seed: 14667769921205653277

902 pascalblue the Trooper (level 7, -1/56 HPs)
             Began as a Mummy Cinder Acolyte on Feb 17, 2023.
             Was a Follower of Ignis.
             Slain by a wyvern zombie (3 damage)
             ... in an ossuary on Mar 24, 2023.
             The game lasted 00:15:47 (3829 turns).

pascalblue the Trooper (Mummy Cinder Acolyte)       Turns: 3829, Time: 00:15:48

Health: -1/56      AC: 16    Str: 32    XL:     7   Next: 80%
Magic:  14/14      EV: 11    Int: 20    God:    Ignis [*.....]
Gold:   238        SH:  0    Dex:  7    Spells: 13/15 levels left

rFire   . . .      SeeInvis .    i - +4 dagger (protect)
rCold   + . .      Faith    +    (no shield)
rNeg    + + +      Spirit   .    l - +5 leather armour of the Realm of Zot {Str+6 Int+3}
rPois   ∞          Reflect  .    (no helmet)
rElec   .          Rampage  .    d - +0 cloak of Thoughtfulness {Int+4 Stlth+}
rCorr   .                        (no gloves)
Will    .....                    (no boots)
Stlth   +++                      (no amulet)
HPRegen 0.29/turn                m - +6 ring of strength
MPRegen 0.14/turn                (no ring)

@: about to teleport, under a protective aura
A: cold resistance 1, negative energy resistance 3, torment resistance 2, heat
vulnerability 1, in touch with death 1, no potions, faith
a: Renounce Religion, Fiery Armour, Foxfire Swarm, Rising Flame


You were in an ossuary.
You worshipped Ignis.
Ignis was aware of your devotion.
You visited 1 branch of the dungeon, and saw 4 of its levels.
You also visited: Ossuary.

You collected 238 gold pieces.

Inventory:

Hand Weapons
 a - a -1 hand axe of flaming
 f - a +1 short sword of freezing
 i - a +4 dagger of protection (weapon)
Armour
 b - a +0 robe
 d - the +0 cloak of Thoughtfulness (worn) {Int+4 Stlth+}
   (You acquired it on level 2 of the Dungeon)

   Int:       It affects your intelligence (+4).
   Stlth:     It makes you more stealthy.
 g - a scarf of invisibility
 l - the +5 leather armour of the Realm of Zot (worn) {Str+6 Int+3}
   (You found it on level 4 of the Dungeon)

   Str:       It affects your strength (+6).
   Int:       It affects your intelligence (+3).
Jewellery
 m - a +6 ring of strength (left hand)
Wands
 j - a wand of flame (7)
 k - a wand of polymorph (7)
Scrolls
 e - a scroll of identify
 h - a scroll of vulnerability
 n - a scroll of fear


   Skills:
 + Level 5.0 Fighting
 + Level 4.1 Axes
 + Level 3.1 Stealth
 + Level 4.9 Spellcasting
 + Level 4.1 Fire Magic


You had 13 spell levels left.
You knew the following spells:

 Your Spells              Type           Power      Damage    Failure   Level
a - Scorch                Fire           42%        2d7       3%          2

Your spell library contained the following spells:

 Spells                   Type           Power      Damage    Failure   Level
 Freeze                   Ice            16%        1d4       13%         1
 Frozen Ramparts          Ice            8%         1d2       36%         3
 Hailstorm                Conj/Ice       4%         3d4       36%         3


Dungeon Overview and Level Annotations

Branches:
Dungeon (4/15)            Ossuary (1/1)
 Temple: D:4-7

Altars:
Hepliaklqana
Makhleb
Uskayaw
Xom


Innate Abilities, Weirdness & Mutations

You are immune to poison.
Your flesh is cold resistant. (rC+)
You are immune to negative energy. (rN+++)
You are immune to unholy pain and torment.
You are vulnerable to heat. (rF-)
You are in touch with the powers of death.
You do not drink.
You have a special connection with the divine. (Faith)


Message History

The bullfrog zombie is almost destroyed.
The wyvern zombie bites you!
* * * LOW HITPOINT WARNING * * *
The bullfrog zombie closely misses you. The wyvern zombie barely misses you.
You barely miss the bullfrog zombie.
The bullfrog zombie is almost destroyed.
The bullfrog zombie barely misses you.
The wyvern zombie bites you but does no damage.
You hit the bullfrog zombie.
You destroy the bullfrog zombie!
The wyvern zombie bites you.
* * * LOW HITPOINT WARNING * * *
Your Fighting skill increases to level 5!
You hit the wyvern zombie.
The wyvern zombie is lightly damaged.
The wyvern zombie bites you.
* * * LOW HITPOINT WARNING * * *
The wyvern zombie bites you but does no damage.
You hit the wyvern zombie.
The wyvern zombie is moderately damaged.
The wyvern zombie misses you.
You hit the wyvern zombie but do no damage.
The wyvern zombie is moderately damaged.
The wyvern zombie bites you.
* * * LOW HITPOINT WARNING * * *
You hit the wyvern zombie.
The wyvern zombie is moderately damaged.
The wyvern zombie bites you.
* * * LOW HITPOINT WARNING * * *
You can't drink.
You can't see any enemies this would affect, really read the scroll of fear?
Okay, then.
As you read the scroll of teleportation, it crumbles to dust.
You feel strangely unstable. The wyvern zombie barely misses you. x2
The wyvern zombie attacks as you move away!
The wyvern zombie bites you but does no damage.
There is an open door here.
The wyvern zombie attacks as you move away!
The wyvern zombie bites you.
You die...

#.'.# ###.+
+.# #.# +.+
###.#####
#.'.#..∩#
###.'.∩.#
#.@.#...#
###Z#####.##
#.'.........
###'#+#+#+#+
#.# ###


You could see a wyvern zombie.

Vanquished Creatures
  An ice beast (D:3)
  A gnoll sergeant (D:4)
  2 water moccasin zombies (Ossuary)
  5 bullfrog zombies (Ossuary)
  A hound (D:4)
  An iguana (D:4)
  Jessica (D:2)
  Ijyb (D:3)
  An orc wizard (D:3)
  A killer bee zombie (Ossuary)
  7 mummies (Ossuary)
  Robin (D:4)
  4 gnolls (D:4)
  6 adders
  A white imp (D:3)
  An ufetubus (D:4)
  A dart slug (D:3)
  5 orcs (D:3)
  10 endoplasms
  15 goblins
  10 hobgoblins
  5 jackals
  A quokka (D:1)
  4 ball pythons
  4 bats
  6 kobolds
  5 rats
101 creatures vanquished.

Vanquished Creatures (others)
  67 foxfires
  6 withered plants (Ossuary)
73 creatures vanquished.

Grand Total: 174 creatures vanquished

Notes
Turn   | Place    | Note
-------+----------+-------------------------------------------
     0 | D:1      | pascalblue the Mummy Cinder Acolyte began the quest for the
                  | Orb.
     0 | D:1      | Reached XP level 1. HP: 18/18 MP: 2/2
   657 | D:1      | Reached XP level 2. HP: 24/24 MP: 4/4
   669 | D:1      | Upgraded the game from 0.30-a0-779-g7971cf19c3 to
                  | 0.30-a0-937-ga0a21ad780
   938 | D:1      | Found a faded altar of an unknown god.
  1271 | D:2      | Identified a scroll of acquirement
  1271 | D:2      | Acquired the +0 cloak of Thoughtfulness {Int+4 Stlth+}
  1503 | D:2      | Noticed Jessica
  1509 | D:2      | Killed Jessica
  1510 | D:2      | Gained mutation: You are in touch with the powers of death.
                  | [Mummy growth]
  1510 | D:2      | Reached XP level 3. HP: 22/29 MP: 6/6
  1829 | D:3      | Reached XP level 4. HP: 35/35 MP: 7/7
  2047 | D:3      | Noticed an ice beast
  2060 | D:3      | Killed an ice beast
  2061 | D:3      | Reached skill level 1 in Stealth
  2061 | D:3      | Reached XP level 5. HP: 42/42 MP: 7/9
  2198 | D:3      | Noticed Ijyb
  2226 | D:3      | Killed Ijyb
  2227 | D:3      | Reached skill level 4 in Fighting
  2273 | D:3      | Found a shimmering altar of Xom.
  2397 | D:3      | Noticed a +0 dagger
  2398 | D:3      | Noticed a +0 spear
  2403 | D:3      | Noticed a +0 falchion
  2403 | D:3      | Noticed a +0 dagger
  2409 | D:3      | Noticed a +0 short sword
  2410 | D:3      | Noticed a +0 spear
  2411 | D:3      | Noticed a +0 short sword
  2415 | D:3      | Noticed a +0 falchion
  2418 | D:3      | Found a hide-covered altar of Uskayaw.
  2484 | D:3      | Found a hazy altar of Hepliaklqana.
  2530 | D:3      | Learned a level 2 spell: Scorch
  2591 | D:3      | Reached XP level 6. HP: 15/48 MP: 11/11
  2917 | D:4      | Identified the +5 leather armour of the Realm of Zot {Str+6
                  | Int+3}
  2979 | D:4      | Noticed Robin
  3270 | D:4      | Killed Robin
  3389 | D:4      | Found a burning altar of Makhleb.
  3450 | D:4      | Found a sand-covered staircase.
  3457 | Ossuary  | Entered an ossuary
  3501 | Ossuary  | Reached XP level 7. HP: 47/55 MP: 13/13
  3822 | Ossuary  | Reached skill level 5 in Fighting
  3825 | Ossuary  | HP: 1/56 [wyvern zombie (2)]
  3829 | Ossuary  | Slain by a wyvern zombie

Illustrated notes

Levels and vault maps discovered:
D:1:      dpeg_arrival_houses_and_road, layout_loops_corners,
          dreamdust_ecumenical_altar_angels_and_demons,
          grunt_decor_mini_mirrors, chequers_arboretum
D:2:      layout_basic, uniq_jessica
D:3:      layout_loops_cross, nzn_hepliaklqana_mist_gate, xom_confusion_cloud,
          nicolae_uskayaw_en_pointe, grunt_ministairs_11, uniq_ijyb
D:4:      layout_basic, lightli_temple_of_fire, enter_ossuary_4, uniq_robin
Ossuary:  ossuary_zaba_flooded

Skill      XL: |  1  2  3  4  5  6  7 |
---------------+----------------------+-----
Spellcasting   | 2 3 4 |  4.9
Axes           | 3 4 |  4.1
Stealth        | 1 2 3 |  3.1
Fire Magic     | 3 4 |  4.1
Fighting       | 4 5 |  5.0

Action                     |  1- 3 |  4- 6 |  7- 9 || total
---------------------------+-------+-------+-------++-------
  Melee: Hand axe          |    72 |       |       ||    72
         Dagger            |    28 |   314 |   188 ||   530
         Punch             |       |     1 |     1 ||     2
 Invoke: Foxfire Swarm     |     2 |     4 |       ||     6
         Fiery Armour      |     1 |     2 |       ||     3
    Use: Scroll            |     6 |     5 |     1 ||    12
   Stab: Distracted        |     1 |       |       ||     1
         Sleeping          |     2 |     6 |       ||     8
 Armour: Robe              |    25 |   106 |       ||   131
         Leather armour    |       |    59 |    90 ||   149
  Dodge: Dodged            |    62 |   210 |   104 ||   376

Table legend: (Time is in decaauts)
 A = Elapsed time spent in this place.
 B = Non-inter-level travel time spent in this place.
 C = Inter-level travel time spent in this place.
 D = Time resting spent in this place.
 E = Time spent auto-exploring this place.
 F = Levels seen in this place.
 G = Mean time per level.
                   A        B        C        D        E       F      G
               +--------+--------+--------+--------+--------+-----+--------+
         Total |   3847 |   3749 |     98 |    270 |   2032 |   5 |  769.4 |
       Dungeon |   3469 |   3371 |     98 |    173 |   2032 |   4 |  867.2 |
       Ossuary |    378 |    378 |      0 |     97 |      0 |   1 |  378.0 |
               +--------+--------+--------+--------+--------+-----+--------+

Top non-repeatable levels by time:
     D:3: 1096 daAuts
     D:1: 997 daAuts
     D:2: 808 daAuts
     D:4: 567 daAuts
 Ossuary: 378 daAuts
